 Dungeon Crawl Stone Soup version 0.30-a0-253-g6b895097cc (webtiles) character file.

Game seed: 15228950076218611021

165 Essalna the Conjurer (level 5, 0/21 (31) HPs)
             Began as a Tengu Reaver on Oct 13, 2022.
             Slain by Pikel
             ... wielding a +2 whip of flaming
              (2 damage)
             ... on level 4 of the Dungeon.
             The game lasted 00:06:26 (2786 turns).

Essalna the Conjurer (Tengu Reaver)                 Turns: 2786, Time: 00:06:26

HP:   0/21 (31)     AC:  7    Str: 15    XL:     5   Next: 46%
MP:   5/9           EV: 14    Int: 19    God:
Gold: 328           SH:  0    Dex: 12    Spells: 5/8 levels left

rFire   . . .      SeeInvis .    a - +0 hand axe
rCold   . . .      Faith    .    (no shield)
rNeg    . . .      Spirit   .    b - +0 leather armour
rPois   .          Reflect  .    (helmet restricted)
rElec   .          Harm     .    p - scarf {repulsion}
rCorr   .          Rampage  .    (no gloves)
Will    .....                    (boots unavailable)
Stlth   +.........               (no amulet)
HPRegen 0.23/turn                o - +4 ring of protection
MPRegen 0.11/turn                n - +6 ring of intelligence

@: flying quickly and evasively, very heavily drained, repel missiles, quick
A: beak, talons 3, nimble flight
a: no special abilities


You were on level 4 of the Dungeon.
You visited 1 branch of the dungeon, and saw 4 of its levels.

You collected 328 gold pieces.

Inventory:

Hand Weapons
 a - a +0 hand axe (weapon)
Armour
 b - a +0 leather armour (worn)
 p - a scarf of repulsion (worn)
Jewellery
 d - a ring of protection from fire
 h - a ring of resist corrosion
 m - a ring of wizardry
 n - a +6 ring of intelligence (right hand)
 o - a +4 ring of protection (left hand)
 s - an amulet of faith
Scrolls
 e - 2 scrolls of torment {unknown}
 f - 4 scrolls of enchant armour {unknown}
 j - 4 scrolls of identify
 k - a scroll of noise {unknown}
 l - a scroll of teleportation {unknown}
 q - a scroll of poison {unknown}
Potions
 c - 3 potions of haste
 g - a potion of curing
 i - a potion of attraction {unknown}
 r - a potion of degeneration {unknown}


   Skills:
 + Level 2.7 Fighting
 + Level 4.0 Axes
 + Level 1.9 Armour
 + Level 3.2 Dodging
 - Level 2.0 Spellcasting
 + Level 4.9 Conjurations
 + Level 1.9 Necromancy


You had 5 spell levels left.
You knew the following spells:

 Your Spells              Type           Power      Damage    Failure   Level
a - Kiss of Death         Conj/Necr      56%        2d9       4%          1
b - Momentum Strike       Conj/Tloc      22%        3d8       12%         2

Your spell library contained the following spells:

 Spells                   Type           Power      Damage    Failure   Level
 Sting                    Tmut/Pois      4%         1d3       21%         1
 Hailstorm                Conj/Ice       11%        3d5       22%         3
 Poisonous Vapours        Pois/Air       2%         N/A       30%         2
 Olgreb's Toxic Radiance  Pois           1%         N/A       90%         4


Dungeon Overview and Level Annotations

Branches:
Dungeon (4/15)
 Temple: D:4-7

Altars:
Fedhas

Annotations:
D:4 Pikel


Innate Abilities, Weirdness & Mutations

You have a beak for a mouth.
You have claws for feet.
Your magical nature lets you fly swiftly and evasively.


Message History

Casting: Momentum Strike (safe; 12% risk of failure)
Confirm with . or Enter, or press ? or * to list all spells.
You can't see any susceptible monsters within range! (Use Z to cast anyway.) Unknown command.
Unknown command.
Casting: Momentum Strike (safe; 12% risk of failure)
Confirm with . or Enter, or press ? or * to list all spells.
Aiming: Kiss of Death (safe; 4% risk of failure)
Press: ? - help, Shift-Dir - straight line, f/p - Pikel
Aim: Pikel, wielding a +2 whip of flaming and wearing a +0 robe (heavily wounded, 100% to hit)
The negative energy hits Pikel!
Pikel is drained!
Pikel is severely wounded.
You feel drained. Pikel hits you but does no damage.
You hit Pikel but do no damage.
Pikel is severely wounded.
You are no longer robbed of momentum.
Pikel hits you with a +2 whip of flaming!
Pikel burns you.
You completely miss Pikel. You peck Pikel.
Pikel is severely wounded.
You closely miss the lemure.
Pikel drinks a potion.
Pikel is healed!
The lemure hits you.
Pikel hits you with a +2 whip of flaming!
* * * LOW HITPOINT WARNING * * *
Pikel burns you.
* * * LOW HITPOINT WARNING * * *
The lemure hits you.
* * * LOW HITPOINT WARNING * * *
Casting: Kiss of Death (safe; 4% risk of failure)
Confirm with . or Enter, or press ? or * to list all spells.
Aiming: Kiss of Death (safe; 4% risk of failure)
Press: ? - help, Shift-Dir - straight line, f/p - Pikel
Aim: Pikel, wielding a +2 whip of flaming and wearing a +0 robe (heavily wounded, lightly drained, 100% to hit)
The negative energy hits Pikel.
Pikel is drained!
Pikel is severely wounded.
You feel drained.
The lemure shouts!
The lemure completely misses you.
Pikel hits you with a +2 whip of flaming.
You die...

#.........# #.........#
#.........# #.........#
#.........# #.........#
#.........+ # #....@K...# .
###'##5..5... .. #...#.5.....
.. ##########...#.....5. K.
#.......<....#....... .
#............#..........######
#.....†..(...#..........#.....
#.......##...#..........#.....
#.......##+####.........#....†


You could see Pikel (drained) and 4 lemures.

Vanquished Creatures
  A phantom (D:4)
  A scorpion (D:4)
  Terence (D:3)
  Natasha (twice) (D:3)
  4 orcs (D:3)
  8 ball pythons
  3 endoplasms
  2 giant cockroaches
  7 goblins
  5 hobgoblins
  3 jackals (D:1)
  A quokka (D:1)
  5 bats
  3 frilled lizards
  3 kobolds
  2 rats
51 creatures vanquished.

Vanquished Creatures (others)
  Natasha (D:3)
  An iguana (D:4)
  An adder (D:3)
  2 dart slugs (D:3)
  A kobold (D:4)
6 creatures vanquished.

Grand Total: 57 creatures vanquished

Notes
Turn   | Place    | Note
-------+----------+-------------------------------------------
     0 | D:1      | Essalna the Tengu Reaver began the quest for the Orb.
     0 | D:1      | Reached XP level 1. HP: 12/12 MP: 4/4
   168 | D:1      | Reached XP level 2. HP: 15/17 MP: 6/6
   907 | D:2      | Reached XP level 3. HP: 21/21 MP: 7/7
  1065 | D:2      | Found a faded altar of an unknown god.
  1065 | D:2      | Noticed a floating eye
  1068 | D:2      | Noticed a golden eye
  1069 | D:2      | Noticed a shining eye
  1069 | D:2      | Noticed a shining eye
  1089 | D:2      | Reached skill level 1 in Necromancy
  1164 | D:2      | Reached skill level 1 in Armour
  1208 | D:2      | Learned a level 2 spell: Momentum Strike
  1360 | D:3      | Found a blossoming altar of Fedhas.
  1430 | D:3      | Noticed Terence
  1443 | D:3      | Killed Terence
  1737 | D:3      | Reached XP level 4. HP: 15/16 MP: 8/8
  1833 | D:3      | Noticed Natasha
  1841 | D:3      | Killed Natasha
  2009 | D:3      | Noticed Natasha
  2011 | D:3      | Killed Natasha
  2314 | D:3      | Noticed Natasha
  2319 | D:3      | Killed Natasha
  2420 | D:4      | Noticed a phantom
  2443 | D:4      | Killed a phantom
  2444 | D:4      | Gained mutation: Your magical nature lets you fly swiftly
                  | and evasively. [Tengu growth]
  2444 | D:4      | Reached XP level 5. HP: 11/31 MP: 9/9
  2668 | D:4      | Noticed a lemure
  2668 | D:4      | Noticed a lemure
  2674 | D:4      | Noticed a lemure
  2685 | D:4      | Noticed Pikel
  2779 | D:4      | Noticed a lemure
  2786 | D:4      | Slain by Pikel

Illustrated notes

Levels and vault maps discovered:
D:1:      saegor_arrival_simple_b, layout_loops_corners
D:2:      layout_basic, hellmonk_ecumenical_altar_watching_god
D:3:      layout_loops_ring, amcnicky_altar_gilded, dreamdust_princess_bridge,
          roderic_roman_lattice, uniq_natasha, uniq_terence
D:4:      layout_gridville, uniq_pikel, uniq_sigmund, uniq_blork_the_orc

Skill      XL: |  1  2  3  4  5 |
---------------+----------------+-----
Necromancy     | 1 |  1.9
Armour         | 1 |  1.9
Dodging        | 3 |  3.2
Axes           | 4 |  4.0
Fighting       | |  2.7
Spellcasting   | |  2.0
Conjurations   | |  4.9

Action                   |  1- 3 |  4- 6 || total
-------------------------+-------+-------++-------
Melee: Hand axe          |    67 |    58 ||   125
       Kick              |    16 |    13 ||    29
       Peck              |     8 |    10 ||    18
       Punch             |       |     1 ||     1
 Cast: Momentum Strike   |     5 |     9 ||    14
       Kiss of Death     |     4 |     2 ||     6
  Use: Scroll            |     2 |       ||     2
Armor: Leather armour    |    18 |    20 ||    38
Dodge: Dodged            |    45 |    39 ||    84

Table legend: (Time is in decaauts)
 A = Elapsed time spent in this place.
 B = Non-inter-level travel time spent in this place.
 C = Inter-level travel time spent in this place.
 D = Time resting spent in this place.
 E = Time spent auto-exploring this place.
 F = Levels seen in this place.
 G = Mean time per level.
                   A        B        C        D        E       F      G
               +--------+--------+--------+--------+--------+-----+--------+
         Total |   2782 |   2647 |    135 |      0 |   2236 |   4 |  695.5 |
       Dungeon |   2782 |   2647 |    135 |      0 |   2236 |   4 |  695.5 |
               +--------+--------+--------+--------+--------+-----+--------+

Top non-repeatable levels by time:
     D:3: 1102 daAuts
     D:1: 890 daAuts
     D:2: 474 daAuts
     D:4: 314 daAuts
